 Seeded DCSS version 0.27.1 (webtiles) character file.

Game seed: 2011 (custom seed)

72 a11behringer the Slasher (level 4, 0/40 HPs)
             Began as a Minotaur Fighter on Aug 29, 2021.
             Slain by a wraith (1 damage)
             ... created by the anger of Yredelemnul
             ... on level 2 of the Dungeon.
             The game lasted 00:08:23 (1900 turns).

a11behringer the Slasher (Minotaur Fighter)         Turns: 1900, Time: 00:08:24

Health: 0/40       AC:  8    Str: 20    XL:     4   Next: 7%
Magic:  3/3        EV:  7    Int:  5    God:
Gold:   34         SH:  9    Dex: 11    Spells: 3/3 levels left

rFire    . . .     SeeInvis .   a - +0 long sword (freeze)
rCold    . . .     Faith    .   c - +0 kite shield
rNeg     . . .     Spirit   .   b - +0 scale mail
rPois    .         Reflect  .   (helmet restricted)
rElec    .         Harm     .   (no cloak)
rCorr    .         Rampage  .   (no gloves)
Will     .....                  e - +0 pair of boots
Stlth    ..........             (no amulet)
HPRegen  0.13/turn              (no ring)
MPRegen  0.08/turn              (no ring)

@: slowed, very slow
A: horns 2, retaliatory headbutt
a: no special abilities


You were on level 2 of the Dungeon.
You visited 1 branch of the dungeon, and saw 2 of its levels.

You collected 34 gold pieces.

Inventory:

Hand Weapons
 a - a +0 long sword of freezing (weapon)
Missiles
 i - 5 javelins (quivered)
Armour
 b - a +0 scale mail (worn)
 c - a +0 kite shield (worn)
 e - a +0 pair of boots (worn)
Scrolls
 g - a scroll of magic mapping {unknown}
Potions
 d - a potion of might
 f - a potion of lignification {unknown}
 h - a potion of experience {unknown}
 k - a potion of heal wounds {unknown}


   Skills:
 - Level 3.8 Fighting
 * Level 5.0 Long Blades
 - Level 3.7 Armour
 - Level 3.7 Shields


You had 3 spell levels left.
You didn't know any spells.
Your spell library contained the following spells:

 Spells                   Type           Power      Damage    Failure   Level
 Foxfire                  Conj/Fire      0%         2x1d4     100%        1
 Conjure Flame            Conj/Fire      0%         6-21      100%        3
 Inner Flame              Hex/Fire       0%         N/A       100%        3


Dungeon Overview and Level Annotations

Branches:
Dungeon (2/15)

Altars:
Yredelemnul

Annotations:
D:2 Natasha


Innate Abilities, Weirdness & Mutations

You have a pair of horns on your head.
You reflexively headbutt those who attack you in melee.


Message History

The ball python bites you but does no damage.
The ball python constricts you.
The ball python bites you but does no damage.
The ball python constricts you.
Your life force feels restored.
Your Long Blades skill increases to level 5!
You have reached level 4!
You feel agile.
You closely miss the ball python. The ball python barely misses you.
You furiously retaliate!
You headbutt the ball python!
You kill the ball python!
You see here a ball python corpse.
Number of times to repeat, then command key: You must enter the number of times for the command to repeat.
You feel yourself speed up.
Yredelemnul sends a servant to punish you.
The divine experience drains your vigour!
You feel yourself slow down.
A wraith comes into view.
The wraith hits you but does no damage. You block the wraith's attack.
You block the wraith's attack.
You feel yourself speed up. The wraith hits you. The wraith drains your vigour!
You feel yourself slow down. The wraith barely misses you.
The wraith hits you but does no damage. You block the wraith's attack.
The wraith hits you!
* * * LOW HITPOINT WARNING * * *
The wraith drains your vigour!
You feel as though you will be slow longer.
Natasha, Servant of Life and Death comes into view.
Natasha hisses angrily.
Natasha moves out of view.
Natasha stares at you and mumbles some strange words.
The magic dart hits you.
* * * LOW HITPOINT WARNING * * *
You block Natasha's attack. The wraith hits you.
You die...

#......#.# .# ##....
#......#.###># #....
#......#.#...# #....
#..........# ###....
#.........######......
#.....................
#......#.####....##†.#
#...<.h#.# #....##...
#####@##.## #.........
#.W...# #.........
###.....###.....####
####..<###...#.....##
#....###...............
#.#......##.##....#####
#..8.##......#....#
#....######..#..####
#....# ##........


You could see a wraith and Natasha.

Vanquished Creatures
  Natasha (D:2)
  An adder (D:2)
  2 dart slugs (D:1)
  2 bats
  2 bat zombies (D:2)
  2 endoplasms
  A giant cockroach (D:2)
  3 goblins
  3 hobgoblins (D:1)
  2 kobolds (D:1)
  3 quokkas
  5 ball pythons
  A ball python skeleton (D:2)
  3 frilled lizards
  A jackal zombie (D:2)
  A quokka skeleton (D:2)
  3 rats (D:1)
36 creatures vanquished.

Notes
Turn   | Place    | Note
-------+----------+-------------------------------------------
     0 | D:1      | a11behringer the Minotaur Fighter began the quest for the
                  | Orb.
     0 | D:1      | Reached XP level 1. HP: 19/19 MP: 0/0
   151 | D:1      | Found a faded altar of an unknown god.
   162 | D:1      | Became a worshipper of Yredelemnul the Dark
   162 | D:1      | Reached * piety under Yredelemnul
   201 | D:1      | Fell from the grace of Yredelemnul
   435 | D:1      | Reached skill level 3 in Long Blades
   435 | D:1      | Reached XP level 2. HP: 27/27 MP: 1/1
  1076 | D:2      | Reached skill level 4 in Long Blades
  1076 | D:2      | Reached XP level 3. HP: 12/33 MP: 2/2
  1772 | D:2      | Noticed Natasha
  1781 | D:2      | Killed Natasha
  1782 | D:2      | Reached skill level 5 in Long Blades
  1782 | D:2      | Reached XP level 4. HP: 5/40 MP: 3/3
  1880 | D:2      | Noticed a wraith
  1899 | D:2      | Noticed Natasha
  1900 | D:2      | HP: 1/40 [Natasha/magic dart (6)]
  1900 | D:2      | Slain by a wraith

Illustrated notes

Levels and vault maps discovered:
D:1:      amcnicky_arrival_single_pillar, layout_basic,
          dreamdust_ecumenical_altar_grove
D:2:      layout_rooms, serial_undead, serial_undead_b, serial_undead_a,
          serial_undead_c, serial_undead_e, kennysheep_generic_room_10,
          uniq_natasha

Skill      XL: |  1  2  3 |
---------------+----------+-----
Long Blades    | 3 4 5 |  5.0
Fighting       | |  3.8
Armour         | |  3.7
Shields        | |  3.7

Action                   |  1- 3 |  4- 6 || total
-------------------------+-------+-------++-------
Melee: Long sword        |    92 |     1 ||    93
       Headbutt          |    16 |       ||    16
Invok: Renounce Religion |     1 |       ||     1
  Use: Scroll            |     3 |       ||     3
Armor: Scale mail        |    43 |     2 ||    45
Dodge: Dodged            |    28 |     2 ||    30
Block: Kite shield       |    50 |     4 ||    54
       Rpst.: Long sword |     9 |       ||     9
